 Dungeon Crawl Stone Soup version 0.24.0-124-g2791043dd8 (webtiles) character file.

Game seed: 18135127599408361121, levelgen mode: deterministic

2893736 Amplified the Invulnerable (level 27, 273/273 HPs)
             Began as a Minotaur Conjurer on Feb 15, 2020.
             Was the Champion of Okawaru.
             Escaped with the Orb
             ... and 5 runes!
             The game lasted 02:40:10 (82434 turns).

Amplified the Invulnerable (Minotaur Conjurer)     Turns: 82434, Time: 02:40:11

Health: 273/273    AC: 47    Str: 33    XL:     27
Magic:  30/30      EV: 26    Int: 10    God:    Okawaru [******]
Gold:   6409       SH: 20    Dex: 20    Spells: 22/28 levels left

rFire    + + +     SeeInvis +   Q - +9 eveningstar (freeze)
rCold    . . .     Gourm    +   a - +1 shield of Wonder {-Cast rN+ Str+9 Dex+3}
rNeg     + + +     Faith    .   F - +6 crystal plate armour of Tulips {+Fly rF+ rN+}
rPois    +         Spirit   .   D - +0 mask of the Dragon {MR+ Slay+3 SInv}
rElec    +         Reflect  .   i - +2 cloak {rPois}
rCorr    .         Harm     .   h - +0 pair of fencer's gloves {Riposte Dex+3}
MR       ++++.     NoCast   +   T - +2 pair of boots "Nokarum" {Str+3}
Stlth    ..........             V - amulet "Dilly" {Gourm *Slow rF++ Slay+6}
HPRegen  0.55/turn              I - ring "Unesusm" {+Fly rElec rPois MR+ Int-2}
MPRegen  0.22/turn              e - ring of positive energy

@: no status effects
A: retaliatory headbutt, hooves 1, horns 2, deterioration 1, mutation resistance
1, weak 1
0: Orb of Zot
}: 5/15 runes: decaying, slimy, silver, abyssal, gossamer
a: Heroism, Finesse, Renounce Religion, Evoke Flight


You escaped.
You worshipped Okawaru.
Okawaru was exalted by your worship.
You were full.

You visited 12 branches of the dungeon, and saw 58 of its levels.
You visited the Abyss 1 time.
You visited 1 ziggurat, and saw 6 of its levels.
You also visited: Trove and Ice Cave.

You collected 9657 gold pieces.
You spent 3248 gold pieces at shops.

Inventory:

Hand Weapons
 Q - a +9 eveningstar of freezing (weapon)
Missiles
 b - a throwing net
 Z - 7 curare-tipped darts (quivered)
Armour
 a - the +1 shield of Wonder (worn) {-Cast rN+ Str+9 Dex+3}
   (You found it in a treasure trove)

   It affects your strength (+9).
   It affects your dexterity (+3).
   It protects you from negative energy.
   It prevents spellcasting.
 h - the +0 pair of fencer's gloves (worn) {Riposte Dex+3}
   (You found it in a treasure trove)

   It affects your dexterity (+3).
 i - a +2 cloak of poison resistance (worn)
 n - the +1 scale mail "Ocuareth" {+Fly rN++ Str+2 Dex-2}
   (You bought it in a shop on level 2 of the Orcish Mines)

   It affects your strength (+2).
   It affects your dexterity (-2).
   It greatly protects you from negative energy.
   It lets you fly.
 o - the +1 hat of Mets {rF+ Stlth+}
   (Okawaru gifted it to you on level 2 of the Orcish Mines)

   It protects you from fire.
   It makes you more stealthy.
 z - the +6 scale mail of Bohuner {rPois rC+ Dex+4}
   (You found it in a treasure trove)

   It affects your dexterity (+4).
   It protects you from cold.
   It protects you from poison.
 C - the +2 leather armour of Negation {Regen+}
   (You found it in a treasure trove)

   It increases your rate of regeneration.
 D - the +0 mask of the Dragon (worn) {MR+ Slay+3 SInv}
   (You found it on level 4 of the Depths)

   It affects your accuracy and damage with ranged weapons and melee attacks
   (+3).
   It affects your resistance to hostile enchantments.
   It lets you see invisible.
 F - the +6 crystal plate armour of Tulips (worn) {+Fly rF+ rN+}
   (Okawaru gifted it to you on level 2 of the Depths)

   It protects you from fire.
   It protects you from negative energy.
   It lets you fly.
 J - a +5 shield of poison resistance
 L - the +13 plate armour of Supple Strength {rC+ Regen+ Dex+7}
   (You found it in a treasure trove)

   It affects your dexterity (+7).
   It protects you from cold.
   It increases your rate of regeneration.
 T - the +2 pair of boots "Nokarum" (worn) {Str+3}
   (You found it on level 4 of the Depths)

   It affects your strength (+3).
Jewellery
 e - a ring of positive energy (right hand)
 v - an uncursed ring of resist corrosion
 I - the ring "Unesusm" (left hand) {+Fly rElec rPois MR+ Int-2}
   (You took it off a deep elf mage on level 3 of the Elven Halls)

   [ring of poison resistance]

   It affects your intelligence (-2).
   It insulates you from electricity.
   It protects you from poison.
   It affects your resistance to hostile enchantments.
   It lets you fly.
 M - the ring "Afoz" {*Corrode rPois rC++ Str+4}
   (You found it on level 2 of the Elven Halls)

   [ring of strength]

   It affects your strength (+4).
   It greatly protects you from cold.
   It protects you from poison.
   It may corrode you when you take damage.
 V - the amulet "Dilly" (around neck) {Gourm *Slow rF++ Slay+6}
   (You took it off a deep elf mage on level 3 of the Elven Halls)

   [amulet of the gourmand]

   It allows you to eat raw meat even when not hungry.
   It affects your accuracy and damage with ranged weapons and melee attacks
   (+6).
   It greatly protects you from fire.
   It may slow you when you take damage.
Wands
 p - a wand of acid (10)
 s - a wand of digging (4)
 y - a wand of iceblast (32)
 E - a wand of paralysis (31)
 O - a wand of scattershot (8)
 X - a wand of disintegration (25)
Scrolls
 f - 3 scrolls of holy word
 k - 29 scrolls of remove curse
 l - 19 scrolls of amnesia
 m - 8 scrolls of blinking
 q - 4 scrolls of enchant armour
 r - a scroll of silence
 u - 3 scrolls of magic mapping
 B - 4 scrolls of identify
 K - a scroll of enchant weapon
 N - 2 scrolls of fear
 R - 15 scrolls of teleportation
 S - 2 scrolls of fog
 W - a scroll of brand weapon
Potions
 d - 6 potions of ambrosia
 j - 12 potions of curing
 w - 4 potions of magic
 x - 3 potions of cancellation
 A - 7 potions of brilliance
 G - 5 potions of flight
 H - a potion of invisibility
 U - 3 potions of mutation
Miscellaneous
 g - a lamp of fire
Comestibles
 c - 28 rations


   Skills:
 O Level 27 Fighting
 - Level 16.0 Maces & Flails
 O Level 27 Armour
 O Level 27 Dodging
 - Level 1.5 Stealth
 * Level 22.3 Shields
 - Level 1.3 Spellcasting
 - Level 10.9 Conjurations
 - Level 11.8 Invocations
 - Level 10.2 Evocations


You had 22 spell levels left.
You knew the following spells:

 Your Spells              Type           Power        Failure   Level  Hunger
a - Magic Dart            Conj           ###.         1%          1    ##.....
b - Spectral Weapon       Hex/Chrm       #.......     99%         3    ####...
c - Blink                 Tloc           N/A          92%         2    ###....

Your spell library contained the following spells:

 Spells                   Type           Power        Failure   Level  Hunger
 Searing Ray              Conj           ###...       2%          2    ###....
 Flame Tongue             Conj/Fire      ##...        16%         1    ##.....
 Shock                    Conj/Air       ##..         16%         1    ##.....
 Iskenderun's Mystic Bla  Conj           ###.....     17%         4    #####..
 Throw Frost              Conj/Ice       ##....       24%         2    ###....
 Conjure Flame            Conj/Fire      ##......     43%         3    ####...
 Dazzling Spray           Conj/Hex       ##....       43%         3    ####...
 Static Discharge         Conj/Air       ##......     43%         3    ####...
 Stone Arrow              Conj/Erth      ##....       43%         3    ####...
 Mephitic Cloud           Conj/Pois/Air  #.......     69%         3    ####...
 Animate Skeleton         Necr           N/A          83%         1    ##.....
 Apportation              Tloc           #.....       83%         1    ##.....
 Confusing Touch          Hex            #.....       83%         1    ##.....
 Freeze                   Ice            #...         83%         1    ##.....
 Infusion                 Chrm           #...         83%         1    ##.....
 Sandblast                Erth           #.....       83%         1    ##.....
 Summon Butterflies       Summ           #.......     83%         1    ##.....
 Summon Small Mammal      Summ           #...         83%         1    ##.....
 Force Lance              Conj/Tloc      ##......     85%         4    #####..
 Fulminant Prism          Conj/Hex       ##........   85%         4    #####..
 Sticky Flame             Conj/Fire      ##......     85%         4    #####..
 Throw Icicle             Conj/Ice       ##......     85%         4    #####..
 Call Imp                 Summ           #.......     92%         2    ###....
 Corpse Rot               Necr           N/A          92%         2    ###....
 Ensorcelled Hibernation  Hex/Ice        #.....       92%         2    ###....
 Passwall                 Tmut/Erth      #.......     92%         2    ###....
 Slow                     Hex            #.......     92%         2    ###....
 Song of Slaying          Chrm           #.......     92%         2    ###....
 Sublimation of Blood     Necr           #.........   92%         2    ###....
 Swiftness                Chrm/Air       #.......     92%         2    ###....
 Confuse                  Hex            #.......     99%         3    ####...
 Gell's Gravitas          Tloc           #.........   99%         3    ####...
 Ignite Poison            Fire/Tmut/Pois #.......     99%         3    ####...
 Inner Flame              Hex/Fire       #.......     99%         3    ####...
 Ozocubu's Armour         Chrm/Ice       #.......     99%         3    ####...
 Portal Projectile        Hex/Tloc       #.....       99%         3    ####...
 Recall                   Summ/Tloc      N/A          99%         3    ####...
 Regeneration             Chrm/Necr      #.........   99%         3    ####...
 Summon Guardian Golem    Hex/Summ       #.......     99%         3    ####...
 Bolt of Draining         Conj/Necr      ##........   99%         5    ######.
 Fireball                 Conj/Fire      ##........   99%         5    ######.
 Iskenderun's Battlesphe  Conj/Chrm      ##......     99%         5    ######.
 Lightning Bolt           Conj/Air       ##........   99%         5    ######.
 Venom Bolt               Conj/Pois      ##........   99%         5    ######.
 Airstrike                Air            #.........   100%        4    #####..
 Cause Fear               Hex            #.........   100%        4    #####..
 Ice Form                 Ice/Tmut       #.......     100%        4    #####..
 Leda's Liquefaction      Hex/Erth       #.........   100%        4    #####..
 Petrify                  Tmut/Erth      #.......     100%        4    #####..
 Summon Ice Beast         Ice/Summ       #.......     100%        4    #####..
 Agony                    Necr           #.......     100%        5    ######.
 Aura of Abjuration       Summ           #.........   100%        5    ######.
 Bolt of Magma            Conj/Fire/Erth #.........   100%        5    ######.
 Borgnjor's Vile Clutch   Necr/Erth      #.........   100%        5    ######.
 Dispel Undead            Necr           #.......     100%        5    ######.
 Excruciating Wounds      Chrm/Necr      #.........   100%        5    ######.
 Lee's Rapid Deconstruct  Erth           #.........   100%        5    ######.
 Metabolic Englaciation   Hex/Ice        #.........   100%        5    ######.
 Silence                  Hex/Air        #.........   100%        5    ######.
 Summon Demon             Summ           #.........   100%        5    ######.
 Summon Forest            Summ/Tloc      #.........   100%        5    ######.
 Summon Mana Viper        Hex/Summ       #.......     100%        5    ######.
 Yara's Violent Unravell  Hex/Tmut       #.........   100%        5    ######.
 Bolt of Cold             Conj/Ice       ##........   100%        6    #######
 Bolt of Fire             Conj/Fire      ##........   100%        6    #######
 Conjure Ball Lightning   Conj/Air       ##........   100%        6    #######
 Darkness                 Hex            #.........   100%        6    #######
 Deflect Missiles         Chrm/Air       #.........   100%        6    #######
 Freezing Cloud           Conj/Ice/Air   #.........   100%        6    #######
 Invisibility             Hex            #.......     100%        6    #######
 Iron Shot                Conj/Erth      ##........   100%        6    #######
 Ozocubu's Refrigeration  Ice            #.........   100%        6    #######
 Shadow Creatures         Summ           N/A          100%        6    #######
 Simulacrum               Ice/Necr       #.........   100%        6    #######
 Statue Form              Tmut/Erth      #........    100%        6    #######
 Dragon Form              Tmut           #.........   100%        7    #######
 Haunt                    Necr/Summ      #.........   100%        7    #######
 Malign Gateway           Summ/Tloc      #.........   100%        7    #######
 Monstrous Menagerie      Summ           #.........   100%        7    #######
 Ring of Flames           Chrm/Fire      #.........   100%        7    #######
 Summon Greater Demon     Summ           #.........   100%        7    #######
 Borgnjor's Revivificati  Necr           #.........   100%        8    #######
 Death's Door             Chrm/Necr      #.........   100%        8    #######
 Ignition                 Fire           #.........   100%        8    #######
 Infestation              Necr           #.........   100%        8    #######
 Necromutation            Tmut/Necr      #.........   100%        8    #######
 Summon Horrible Things   Summ           #.........   100%        8    #######
 Dragon's Call            Summ           #.........   100%        9    #######
 Shatter                  Erth           #.........   100%        9    #######
 Passage of Golubria      Tloc           Unusable     N/A         4    N/A

Dungeon Overview and Level Annotations

Branches:
Dungeon (15/15)            Temple (1/1) D:4            Lair (6/6) D:8
  Swamp (4/4) Lair:2       Spider (4/4) Lair:3        Slime (5/5) Lair:5
    Orc (2/2) D:12            Elf (3/3) Orc:2        Vaults (5/5) D:14
  Crypt (3/3) Vaults:2       Tomb (0/3) Crypt:3      Depths (5/5) D:15
    Zot (5/5) Depths:5      IceCv (visited)

Altars:
Ashenzari
Cheibriados
Dithmenos
Elyvilon
Fedhas
Gozag
Hepliaklqana
Kikubaaqudgha
Makhleb
Nemelex Xobeh
Okawaru
Qazlal
Ru
Sif Muna
Trog
Uskayaw
Vehumet
Wu Jian
Xom
Yredelemnul
Zin
The Shining One
Beogh
Jiyva

Shops:
D:6 %   Orc:1 !}*%*   Orc:2 *![*   Elf:2 (*?!:   Vaults:2 (   Vaults:3 (=:(
Vaults:5 :   Depths:1 *   Depths:4 }==

Portals:
Hell: Depths:1 Depths:2 Depths:3 Depths:4 Depths:5
Abyss: Depths:4
Pandemonium: Depths:3

Annotations:
Elf:2 3 runed translucent doors
Vaults:4 Endgame. Get rN+ and smooth out elves.


Innate Abilities, Weirdness & Mutations

You reflexively headbutt those who attack you in melee.
You have a pair of horns on your head.
You have large cloven feet.
Your body sometimes deteriorates upon taking damage.
You are somewhat resistant to further mutation.
You are weak. (Str -2)


Message History

(D) Dungeon (T) Temple (L) Lair (S) Swamp (N) Spider Nest (M) Slime Pits (O) Orcish Mines (E) Elven Halls (V) Vaults (C) Crypt (W) Tomb (U) Depths (H) Hell (Z) Zot
Where to? (Enter - D:1, ? - help)
What level of the Dungeon? (default 1, ? - help)
There is a stone staircase leading up here.
You climb upwards.
There is a stone staircase leading down here.
There is a stone staircase leading up here.
You climb upwards.
There is a stone staircase leading down here.
Unknown command.
Evoke which item? (* to show all) (? for menu, Esc to quit)
Aiming: Dig
Press: ? - help, Shift-Dir - straight line This square is covered in magical glow.
The rock shatters into small pieces.
There is a staircase leading out of the dungeon here.
You have escaped!

#.# #.##.# #....... ######>#
#.##.###.####.. ###...##.########
#.##........... #...#...........#
#.######.#####.
#..###...######.###.# #........
#>..#..##.## #.....#####.######.
#.#...####.## #####.......# #.
#.##.## ##.###...######### #.
#.##.# ##.#..@..## ##. #.##.#
##.......## #.. #.##.#
##..⌠...⌠..## #.. #.##.#
##...........## #.. #.##.#
##.⌠....⌠....⌠.## ####.. #.##.#
##...............## #.....
#>.#.###..⌠...⌠...⌠...⌠..###.##.#
##.#.##................[..##.##.#
#.#.#......⌠.......⌠......#.##.#


There were no monsters in sight!

Vanquished Creatures
  the Royal Jelly (Slime:5)
  4 orbs of fire
  8 ancient liches
  2 juggernauts
  Mara (Vaults:2)
  Sojobo (Depths:1)
  A pandemonium lord (Depths:1)
  Frederick (Depths:5)
  The ghost of Xouresk the Fencer, a veteran BaIE of Cheibriados (Depths:1)
  4 Killer Klowns (Zot:5)
  Bai Suzhen (Crypt:3)
  A shard shrike (Zot:4)
  4 caustic shrikes
  Saint Roka (Vaults:5)
  9 golden dragons
  Jory (Vaults:5)
  A profane servitor (Crypt:3)
  2 bone dragons
  A hellephant (Zot:4)
  2 electric golems (Zot:5)
  An Ice Fiend (IceCv)
  5 liches
  26 Orb Guardians (Zot:5)
  12 tentacled monstrosities
  A Hell Sentinel (D:14)
  7 quicksilver dragons
  2 deep elf blademasters (Elf:3)
  2 deep elf master archers (Elf:3)
  5 titans
  22 acid blobs
  A quicksilver dragon (shapeshifter) (Vaults:5)
  3 eldritch tentacles (Abyss:4)
  Gastronok (Lair:1)
  4 death cobs
  9 tentacled starspawn
  4 thorn hunters
  3 sphinxes (Vaults:5)
  Agnes (Elf:1)
  3 ancient champions (Crypt:3)
  12 shadow dragons
  Donald (Vaults:2)
  13 storm dragons
  Kirke (Spider:2)
  13 azure jellies
  6 tengu reavers
  7 draconian monks
  2 revenants
  11 fire giants
  14 frost giants
  10 deep elf sorcerers
  2 draconian knights
  6 draconian scorchers
  18 vault wardens
  9 ghost moths
  A frost giant (shapeshifter) (Vaults:5)
  4 draconian shifters
  The ghost of kalodont the Unseen, an adept KoEn of Dithmenos (Spider:2)
  2 orc warlords
  Aizul (Elf:1)
  7 draconian stormcallers
  5 deep elf elementalists
  A curse skull (Crypt:3)
  2 spriggan defenders
  3 cacodemons
  A reaper (Zig:4)
  5 ghouls
  11 very ugly things
  A draconian annihilator (Zot:3)
  3 emperor scorpions (Spider:4)
  2 war gargoyles
  6 entropy weavers
  21 stone giants
  14 ironheart preservers
  4 deep elf demonologists
  9 vampire knights
  8 black draconians
  5 green draconians
  9 red draconians
  5 purple draconians
  9 white draconians
  10 deep elf annihilators
  4 spark wasps
  3 minotaurs (Depths:4)
  7 yellow draconians
  12 large abominations
  An ettin (shapeshifter) (Depths:1)
  7 deep elf death magi
  8 death oozes
  18 ettins
  2 eidola (Crypt:1)
  12 jiangshi
  11 ogre magi
  11 fire dragons
  Harold (Lair:2)
  8 rakshasas
  9 deep elf high priests
  30 vault guards
  16 great orbs of eyes
  14 yaktaur captains
  18 hydras
  A hell beast (Depths:3)
  8 death knights
  A quicksilver dragon skeleton (Crypt:1)
  2 shambling mangroves
  14 ice dragons
  4 spriggan air magi
  5 catoblepae
  2 merfolk avatars
  10 centaur warriors
  8 alligators
  17 dancing weapons
  5 ghost crabs
  42 two-headed ogres
  9 vampire magi
  2 spriggan berserkers (Depths:2)
  10 deep troll shamans
  2 tengu warriors
  8 thrashing horrors
  7 deep troll earth magi
  9 orc high priests
  5 death yaks
  18 deep elf knights
  Nergalle (Lair:4)
  An iron troll (Depths:5)
  2 storm dragon zombies
  A wretched star (Abyss:5)
  A titan skeleton (Depths:1)
  5 shadow wraiths
  3 soul eaters
  An entropy weaver zombie (Vaults:1)
  2 spriggan druids
  3 unseen horrors
  43 skeletal warriors
  2 sixfirhies
  34 deep trolls
  A deep troll (shapeshifter) (Depths:1)
  12 flayed ghosts
  4 glowing orange brains
  2 swamp dragons (Swamp:2)
  3 shadow dragon zombies
  4 wizards
  An orange crystal statue (Lair:2)
  11 phantasmal warriors
  15 deep elf archers
  2 obsidian statues (Zig:5)
  10 harpies
  An anaconda skeleton (Crypt:2)
  6 ironbrand convokers
  27 orc knights
  67 ugly things
  15 necromancers
  An orb spider (shapeshifter) (Elf:3)
  A salamander (D:14)
  19 orb spiders
  61 deep elf magi
  2 oklob plants
  3 orc sorcerers
  25 wolf spiders
  A sphinx skeleton (Zig:5)
  2 worldbinders (Abyss:2)
  8 shining eyes
  A frost giant zombie (Crypt:2)
  A shining eye (shapeshifter) (Vaults:5)
  19 moths of wrath
  5 cyclopes
  An iron dragon skeleton (Crypt:1)
  2 elephants (Lair:6)
  A dire elephant zombie (Crypt:3)
  A guardian serpent (D:11)
  2 stone giant skeletons (Crypt:1)
  A fire giant skeleton (Abyss:4)
  4 centaur zombies
  A black mamba (Lair:1)
  A rust devil (Depths:2)
  A black mamba (shapeshifter) (Depths:3)
  An apocalypse crab (Zig:4)
  13 vault sentinels
  A shock serpent skeleton (Crypt:2)
  2 torpor snails
  5 ice statues
  3 smoke demons
  3 eyes of devastation
  A hellion (Abyss:5)
  2 orange demons
  2 gargoyles
  17 spiny frogs
  11 demonic crawlers
  51 yaktaurs
  4 rime drakes
  A death yak zombie (Crypt:2)
  11 freezing wraiths
  4 kobold demonologists
  4 anaconda simulacra (IceCv)
  9 ice devils (IceCv)
  A guardian mummy (D:15)
  10 komodo dragons
  2 hellwings
  6 ancient zymes
  A redback zombie (D:15)
  A jumping spider (shapeshifter) (Vaults:5)
  3 tengu conjurers
  A catoblepas skeleton (Crypt:1)
  A meliai (D:12)
  10 trolls
  7 tyrant leeches
  2 wind drakes (Lair:6)
  26 jumping spiders
  24 hornets
  A shadow dragon simulacrum (Crypt:1)
  3 polar bears (Lair:6)
  A merfolk (shapeshifter) (Vaults:5)
  2 hippogriffs (shapeshifter)
  An ettin zombie (Zig:5)
  A guardian serpent zombie (Crypt:2)
  11 hippogriffs
  9 blink frogs
  5 bog bodies
  A blink frog (shapeshifter) (Depths:4)
  A slime creature (shapeshifter) (Depths:5)
  A frost giant simulacrum (Crypt:2)
  A stone giant simulacrum (Depths:1)
  8 raiju
  131 slime creatures
  A dream sheep (shapeshifter) (Depths:3)
  A fire dragon zombie (Crypt:3)
  A tarantella zombie (Crypt:1)
  2 human simulacra
  60 redbacks
  57 flying skulls
  A meliai zombie (Crypt:2)
  11 shadows
  A black mamba zombie (Crypt:1)
  2 spriggans
  A vampire (Abyss:2)
  2 ynoxinuls (Abyss:4)
  11 wraiths
  4 wyverns
  3 water elementals
  3 air elementals
  A dire elephant simulacrum (IceCv)
  A yak (shapeshifter) (Depths:2)
  A hog (shapeshifter) (Elf:1)
  A tarantella (shapeshifter) (Vaults:5)
  A human (shapeshifter) (Vaults:2)
  17 tarantellas
  6 basilisks
  A black mamba skeleton (Crypt:1)
  6 chaos spawn
  3 fire elementals
  7 hungry ghosts
  7 golden eyes
  A hog (Spider:2)
  2 neqoxecs
  56 yaks
  5 swamp worm simulacra (Swamp:4)
  A tyrant leech zombie (Crypt:1)
  24 vampire mosquitoes
  A merfolk zombie (Crypt:3)
  A yaktaur simulacrum (Vaults:2)
  The ghost of Xerdoz the Firebug, an amateur BaFE (D:4)
  4 wargs
  An emperor scorpion simulacrum (Abyss:5)
  A naga (shapeshifter) (Depths:3)
  13 insubstantial wisps
  15 swamp worms
  2 acid dragons
  2 harpy simulacra (IceCv)
  19 hydra simulacra
  13 water moccasins
  9 porcupines
  A water nymph skeleton (Crypt:2)
  4 floating eyes (Depths:1)
  8 hell hounds
  12 swamp drakes
  An ice beast (D:7)
  A manticore zombie (Crypt:1)
  6 sky beasts
  A fire dragon simulacrum (Abyss:4)
  68 orc warriors
  3 black bears
  7 eyes of draining
  2 phantoms (D:9)
  12 starcursed masses
  A black bear (shapeshifter) (Vaults:4)
  6 necrophages
  19 centaurs
  38 ogres
  A manticore skeleton (Crypt:1)
  A blink frog zombie (Crypt:2)
  23 boggarts
  18 wolves
  12 crocodiles
  A swamp dragon skeleton (Crypt:1)
  4 big kobolds
  An orc skeleton (Vaults:1)
  A spectral human (Crypt:3)
  An elf zombie (Crypt:1)
  8 small abominations
  13 bullfrogs
  A rime drake skeleton (Crypt:2)
  A komodo dragon zombie (Crypt:1)
  A gnoll sergeant (D:9)
  A wyvern zombie (D:14)
  A yaktaur zombie (Vaults:1)
  2 earth elementals
  An ogre simulacrum (Vaults:1)
  A yaktaur skeleton (Depths:1)
  3 scorpions
  A wyvern skeleton (D:7)
  12 killer bees
  2 spriggan skeletons
  A yak skeleton (Crypt:2)
  7 wights
  4 howler monkeys
  10 electric eels
  7 crimson imps
  4 lava snakes (Lair:2)
  2 quasits (Abyss:2)
  A bullfrog zombie (D:10)
  11 hounds
  12 jellies
  Crazy Yiuf (D:2)
  A gnoll shaman (D:6)
  46 orc priests
  6 centaur skeletons
  3 bullfrog skeletons
  Jessica (D:3)
  Terence (D:3)
  4 iguanas
  13 worker ants
  30 orc wizards
  A worker ant (shapeshifter) (D:14)
  A killer bee zombie (D:6)
  3 hound skeletons
  A howler monkey zombie (Crypt:2)
  12 adders
  9 gnolls
  6 shadow imps
  A white imp (Abyss:2)
  3 swamp drake simulacra (Swamp:4)
  2 oozes (Lair:5)
  An iguana zombie (Crypt:1)
  An adder skeleton (D:8)
  An adder zombie (D:5)
  3 worms
  A barachi zombie (Crypt:1)
  13 dart slugs
  8 leopard geckos
  122 orcs
  6 giant cockroaches
  2 gnoll zombies (D:5)
  5 goblins
  15 hobgoblins
  13 jackals
  2 ball pythons
  3 bats
  5 frilled lizards
  A goblin zombie (Crypt:2)
  A jackal zombie (D:6)
  24 kobolds
  A leopard gecko skeleton (D:5)
  A leopard gecko zombie (D:6)
  8 rats
  A rat skeleton (Crypt:1)
  A briar patch (Swamp:4)
  2 crawling corpses (Elf:3)
  2 plants
  10 starspawn tentacles
2818 creatures vanquished.

Vanquished Creatures (collateral kills)
  A wolf spider (Spider:4)
  3 redbacks (Spider:4)
  A leopard gecko (D:11)
5 creatures vanquished.

Vanquished Creatures (others)
  An eldritch tentacle (Abyss:4)
  A reaper (Zig:5)
  A vampire mage (Depths:3)
  A deep elf mage (Vaults:5)
  A wolf spider (Spider:1)
  A spiny frog (Swamp:1)
  A troll (Vaults:2)
  2 jumping spiders (Spider:4)
  A slime creature (Swamp:2)
  2 tyrant leeches (Swamp:1)
  3 hornets
  A bog body (Swamp:1)
  2 spriggans (Swamp:1)
  2 vampire mosquitoes
  2 swamp worms
  A swamp drake (Swamp:3)
  2 boggarts (Vaults:1)
  A crimson imp (D:15)
  An orc priest (Vaults:2)
  3 orcs
  7 briar patches
  A bush (Lair:6)
  14 fungi
  18 plants (Lair:6)
  2 spectral weapons (Depths:1)
  11 starspawn tentacles
  A withered plant (D:15)
84 creatures vanquished.

Grand Total: 2907 creatures vanquished

Notes
Turn   | Place    | Note
-------+----------+-------------------------------------------
     0 | D:1      | Amplified the Minotaur Conjurer began the quest for the
                  | Orb.
     0 | D:1      | Reached XP level 1. HP: 14/14 MP: 1/1
   218 | D:1      | Reached XP level 2. HP: 22/22 MP: 3/3
   230 | D:1      | Reached skill level 1 in Armour
   231 | D:1      | Reached skill level 1 in Fighting
   231 | D:1      | Reached skill level 1 in Maces & Flails
   614 | D:1      | Reached XP level 3. HP: 24/28 MP: 4/4
  1571 | D:2      | Found a runed translucent door.
  1572 | D:2      | Noticed Crazy Yiuf
  1659 | D:2      | Found an ornate altar of the Wu Jian Council.
  1871 | D:2      | Found a shattered altar of Ashenzari.
  1953 | D:2      | Found a bloodstained altar of Trog.
  2145 | D:3      | Reached XP level 4. HP: 35/36 MP: 5/5
  2168 | D:3      | Noticed Terence
  2191 | D:3      | Killed Terence
  2353 | D:3      | Reached XP level 5. HP: 36/42 MP: 6/6
  2543 | D:3      | Found a snail-covered altar of Cheibriados.
  2543 | D:3      | Noticed Jessica
  2561 | D:3      | Killed Jessica
  3263 | D:4      | Reached XP level 6. HP: 48/51 MP: 7/7
  3336 | D:4      | Noticed a sky beast
  3365 | D:4      | Killed a sky beast
  3795 | D:4      | Reached skill level 5 in Maces & Flails
  3889 | D:5      | Entered Level 5 of the Dungeon
  3912 | D:5      | Reached XP level 7. HP: 38/58 MP: 8/8
  4297 | D:4      | Noticed Xerdoz's ghost (amateur BaFE)
  4308 | D:4      | Found a transporter.
  4323 | D:4      | Found a staircase to the Ecumenical Temple.
  4339 | D:4      | Found a transporter.
  4361 | D:4      | Found a white marble altar of Elyvilon.
  4362 | D:4      | Found an ancient bone altar of Kikubaaqudgha.
  4931 | D:5      | Found a sparkling altar of Nemelex Xobeh.
  5433 | Temple   | Entered the Ecumenical Temple
  5576 | Temple   | Became a worshipper of Warmaster Okawaru
  5660 | D:5      | Found a shimmering blue altar of Sif Muna.
  5715 | D:5      | Found a radiant altar of Vehumet.
  5829 | D:5      | Found a basalt altar of Yredelemnul.
  5896 | D:5      | Reached skill level 5 in Dodging
  5938 | D:5      | Reached XP level 8. HP: 57/67 MP: 9/9
  6134 | D:5      | Found a blossoming altar of Fedhas.
  6250 | D:6      | Reached skill level 1 in Shields
  6280 | D:6      | Reached skill level 5 in Fighting
  6303 | D:6      | Reached * piety under Okawaru
  6437 | D:6      | Found Gocuyzuci's Food Boutique.
  6684 | D:6      | Noticed a hippogriff
  6700 | D:6      | Killed a hippogriff
  7085 | D:6      | Reached skill level 5 in Shields
  7094 | D:6      | Reached XP level 9. HP: 75/75 MP: 10/10
  7750 | D:8      | Reached ** piety under Okawaru
  8006 | D:8      | Reached skill level 10 in Maces & Flails
  8025 | D:8      | Found a staircase to the Lair.
  8397 | D:8      | Reached *** piety under Okawaru
  8404 | D:8      | Got a jewelled long sword
  8405 | D:8      | Identified the +6 long sword of Coqio {venom, +Rage SInv}
                  | (You found it on level 8 of the Dungeon)
  8572 | D:8      | Reached XP level 10. HP: 67/86 MP: 11/11
  9138 | D:9      | Received a gift from Okawaru
  9730 | D:9      | Noticed a two-headed ogre
  9730 | D:9      | Noticed a four-headed hydra
  9740 | D:9      | Killed a two-headed ogre
  9740 | D:9      | Reached **** piety under Okawaru
  9749 | D:9      | Killed a four-headed hydra
  9749 | D:9      | Reached skill level 10 in Shields
  9919 | D:9      | Noticed a deep elf archer
  9948 | D:9      | Killed a deep elf archer
 10068 | D:10     | Entered Level 10 of the Dungeon
 10098 | D:10     | Reached XP level 11. HP: 97/97 MP: 12/12
 10212 | D:10     | Reached ***** piety under Okawaru
 10355 | D:10     | Received a gift from Okawaru
 10646 | D:10     | Noticed a two-headed ogre
 10655 | D:10     | Killed a two-headed ogre
 10736 | D:10     | Noticed a two-headed ogre
 10744 | D:10     | Killed a two-headed ogre
 10754 | D:10     | You fall into a shaft and drop 1 floor!
 10781 | D:11     | Received a gift from Okawaru
 10784 | D:11     | Got a scorched hat {god gift}
 10790 | D:11     | Identified the -5 hat of Agnosticism {rF- rCorr Str+5
                  | Slay+3} (Okawaru gifted it to you on level 11 of the
                  | Dungeon)
 10942 | D:11     | Noticed a two-headed ogre
 10958 | D:11     | Killed a two-headed ogre
 10958 | D:11     | Reached skill level 10 in Fighting
 10967 | D:11     | Noticed a purple ugly thing
 11131 | D:10     | Noticed a two-headed ogre
 11141 | D:10     | Killed a two-headed ogre
 12024 | D:11     | Noticed a two-headed ogre
 12034 | D:11     | Killed a two-headed ogre
 12201 | D:11     | Reached XP level 12. HP: 38/107 MP: 13/13
 13007 | D:11     | Identified the Volume of Assistive Moulding
 13048 | D:11     | Learned a level 3 spell: Spectral Weapon
 13051 | D:11     | Learned a level 2 spell: Blink
 13943 | D:12     | You fall into a shaft and drop 3 floors!
 13943 | D:15     | Entered Level 15 of the Dungeon
 13943 | D:15     | Noticed a fire dragon
 15242 | D:12     | Found an opulent altar of Gozag.
 15508 | D:12     | Noticed a two-headed ogre
 15805 | Lair:1   | Entered Level 1 of the Lair of Beasts
 16141 | D:12     | Found a staircase to the Orcish Mines.
 16497 | Orc:1    | Entered Level 1 of the Orcish Mines
 16497 | Orc:1    | Noticed an orc high priest
 16820 | Lair:1   | Reached skill level 15 in Shields
 17038 | Lair:1   | Reached skill level 5 in Armour
 17038 | Lair:1   | Reached skill level 1 in Invocations
 17228 | Lair:1   | Noticed Gastronok
 17523 | Lair:1   | Killed Gastronok
 17523 | Lair:1   | Received a gift from Okawaru
 17526 | Lair:1   | Got a garnet-encrusted plate armour {god gift}
 17546 | Lair:1   | Identified the +9 plate armour "Poizanei" {*Corrode rElec
                  | rF+ Str+3} (Okawaru gifted it to you on level 1 of the Lair
                  | of Beasts)
 17775 | Lair:1   | Reached XP level 13. HP: 108/119 MP: 14/14
 18282 | Lair:2   | Noticed Harold
 18305 | Lair:2   | Killed Harold
 19040 | Lair:2   | Found a staircase to the Swamp.
 19701 | Lair:3   | Found a hole to the Spider Nest.
 19884 | Lair:3   | Reached skill level 5 in Invocations
 20802 | Lair:4   | Noticed Nergalle
 20812 | Lair:4   | Killed Nergalle
 21619 | Lair:5   | You fall into a shaft and drop 1 floor!
 21619 | Lair:6   | Entered Level 6 of the Lair of Beasts
 21648 | Lair:6   | Received a gift from Okawaru
 22155 | Lair:6   | Reached XP level 14. HP: 82/132 MP: 18/18
 22571 | Lair:6   | Reached skill level 10 in Armour
 23233 | Lair:5   | Found a staircase to the Slime Pits.
 23752 | Orc:1    | Found Vanox's Assorted Antiques.
 23760 | Orc:1    | Bought a twitching platinum ring for 165 gold pieces
 23760 | Orc:1    | Bought a potion of curing for 99 gold pieces
 23760 | Orc:1    | Bought a potion of curing for 99 gold pieces
 23760 | Orc:1    | Identified the cursed ring of Yredelemnul's Fury {+Inv
                  | EV-3} (You bought it in a shop on level 1 of the Orcish
                  | Mines)
 23834 | Orc:1    | Found Ynnaiky's Food Boutique.
 23904 | Orc:1    | Found Uzxoxud's Gadget Shop.
 23905 | Orc:1    | Found Risegergh's Distillery.
 23952 | Orc:1    | Bought a potion of haste for 140 gold pieces
 23952 | Orc:1    | Bought a potion of haste for 140 gold pieces
 23952 | Orc:1    | Bought a potion of invisibility for 112 gold pieces
 23952 | Orc:1    | Bought 2 potions of might for 112 gold pieces
 23952 | Orc:1    | Bought a potion of mutation for 112 gold pieces
 23978 | Orc:1    | Found Dampad's Assorted Antiques.
 24211 | Orc:2    | Entered Level 2 of the Orcish Mines
 24415 | Orc:2    | Noticed an orc warlord
 24490 | Orc:2    | Killed an orc warlord
 24654 | Orc:2    | Found a roughly hewn altar of Beogh.
 24737 | Orc:2    | Found a staircase to the Elven Halls.
 24889 | Orc:2    | Reached skill level 15 in Fighting
 25191 | Orc:2    | Received a gift from Okawaru
 25194 | Orc:2    | Got a dazzling hat {god gift}
 25290 | Orc:2    | Identified the +1 hat of Mets {rF+ Stlth+} (Okawaru gifted
                  | it to you on level 2 of the Orcish Mines)
 25828 | Orc:2    | Found Qudghiom's Armour Boutique.
 25831 | Orc:2    | Found Osiuraz's Distillery.
 25832 | Orc:2    | Found Cuza's General Store.
 25833 | Orc:2    | Found Xoraog's Assorted Antiques.
 25840 | Orc:2    | Bought a +2 pair of boots of flying for 301 gold pieces
 25853 | Orc:2    | Bought a potion of heal wounds for 135 gold pieces
 25855 | Orc:2    | Bought a potion of heal wounds for 70 gold pieces
 25855 | Orc:2    | Bought a potion of haste for 140 gold pieces
 26588 | D:13     | Identified Resmefack's Reference Book on Lucky Malediction
 26942 | D:14     | Reached XP level 15. HP: 124/143 MP: 19/21
 27089 | D:14     | Received a gift from Okawaru
 27089 | D:14     | Reached skill level 10 in Invocations
 27311 | D:14     | Found a gate to the Vaults.
 27907 | D:15     | Reached skill level 15 in Maces & Flails
 28179 | D:15     | Found a staircase to the Depths.
 28680 | D:15     | Reached ****** piety under Okawaru
 28698 | D:15     | Got a slimy lead ring
 28818 | D:15     | Identified the ring "Utho" {+Fly rN+ Str-3 Int+2} (You
                  | found it on level 15 of the Dungeon)
 29161 | D:2      | Killed Crazy Yiuf
 29263 | D:4      | Killed Xerdoz's ghost
 29435 | Lair:2   | Reached skill level 1 in Evocations
 29515 | Swamp:1  | Entered Level 1 of the Swamp
 29644 | Swamp:1  | Received a gift from Okawaru
 29647 | Swamp:1  | Got an encrusted scale mail {god gift}
 29648 | Swamp:1  | Identified the +1 scale mail of Trumpets {Dex+4} (Okawaru
                  | gifted it to you on level 1 of the Swamp)
 29970 | Swamp:1  | Noticed a thorn hunter
 30315 | Swamp:1  | Noticed a tentacled monstrosity
 30566 | Elf:1    | Entered Level 1 of the Elven Halls
 30828 | Elf:1    | Noticed a deep elf sorcerer
 31556 | Elf:1    | Noticed Aizul
 31574 | Elf:1    | Killed Aizul
 31574 | Elf:1    | Reached XP level 16. HP: 74/152 MP: 15/23
 32198 | Elf:1    | Noticed Agnes
 32229 | Elf:1    | Killed Agnes
 32362 | Elf:1    | Received a gift from Okawaru
 32585 | Elf:1    | Reached skill level 10 in Dodging
 32694 | Elf:1    | Identified the Catalogue of Conjuration and Creation
 32740 | Elf:2    | Found Taetroaw's General Store.
 32740 | Elf:2    | Found Pephez's Magic Scroll Boutique.
 32755 | Elf:2    | Bought 2 scrolls of enchant armour for 210 gold pieces
 32758 | Elf:2    | Found Jemauski's Weapon Emporium.
 32779 | Elf:2    | Bought a scroll of teleportation for 54 gold pieces
 32779 | Elf:2    | Bought a scroll of teleportation for 54 gold pieces
 32779 | Elf:2    | Bought 2 scrolls of magic mapping for 126 gold pieces
 32789 | Elf:2    | Got a glittering turquoise ring
 33306 | Elf:2    | Found Dozosch's Distillery.
 33326 | Elf:2    | Found Gosimoot's Book Shop.
 33566 | Elf:2    | Found a runed translucent gate.
 33566 | Elf:2    | Found a runed translucent gate.
 33567 | Elf:2    | Found a runed translucent gate.
 33722 | Elf:3    | Entered Level 3 of the Elven Halls
 34070 | Swamp:1  | Killed a thorn hunter
 34128 | Swamp:1  | Reached skill level 5 in Evocations
 34285 | Swamp:1  | Killed a tentacled monstrosity
 34893 | Swamp:2  | Received a gift from Okawaru
 35062 | Swamp:2  | Identified the ring "Afoz" {*Corrode rPois rC++ Str+4} (You
                  | found it on level 2 of the Elven Halls)
 35199 | Swamp:2  | Noticed a thorn hunter
 35222 | Swamp:2  | Killed a thorn hunter
 35222 | Swamp:2  | Reached XP level 17. HP: 132/161 MP: 22/24
 35475 | Swamp:3  | Found a transporter.
 35560 | Swamp:3  | Found a transporter.
 35882 | Swamp:3  | Found a shadowy altar of Dithmenos.
 36227 | Swamp:3  | Got a warped bronze ring
 36240 | Swamp:3  | Identified the Guide on Hexes
 36244 | Swamp:3  | Got a steaming brass ring
 36269 | Swamp:3  | Identified the ring "Melep" {+Inv MP+9 Int-2 SInv} (You
                  | found it on level 3 of the Swamp)
 36270 | Swamp:3  | Identified the ring "Ycyh" {Wiz Int+4} (You found it on
                  | level 3 of the Swamp)
 36297 | Swamp:4  | Entered Level 4 of the Swamp
 36297 | Swamp:4  | Found a frozen archway.
 36305 | IceCv    | Entered an ice cave
 36612 | IceCv    | Noticed an Ice Fiend
 36635 | IceCv    | Killed an Ice Fiend
 36678 | IceCv    | Got a polished ring mail
 36685 | IceCv    | Got a transparent buckler
 36899 | IceCv    | Identified the cursed +0 ring mail of the Armadillo {+Fly
                  | rN+++ Str+4 Dex-4} (You found it in an ice cave)
 36900 | IceCv    | Identified the +2 buckler of the Sun {rF++ MR+} (You found
                  | it in an ice cave)
 37135 | Swamp:3  | Received a gift from Okawaru
 38060 | Swamp:4  | Got a decaying rune of Zot
 38398 | Spider:1 | Entered Level 1 of the Spider Nest
 39426 | Spider:2 | Got a crude ring mail
 39427 | Spider:2 | Identified the +5 ring mail of the Evening Star {rC+
                  | Stlth+} (You found it on level 2 of the Spider Nest)
 39606 | Spider:2 | Found a runed translucent door.
 39608 | Spider:2 | Noticed kalodont's ghost (adept KoEn)
 39694 | Spider:2 | Noticed Kirke
 39708 | Spider:2 | Killed Kirke
 39760 | Spider:2 | Reached XP level 18. HP: 168/173 MP: 25/25
 40357 | Spider:3 | Received a gift from Okawaru
 41155 | Spider:4 | Entered Level 4 of the Spider Nest
 41532 | Spider:4 | Received a gift from Okawaru
 41924 | Spider:4 | Reached skill level 15 in Armour
 42174 | Spider:4 | Got a gossamer rune of Zot
 42609 | Vaults:1 | Entered Level 1 of the Vaults
 42703 | Vaults:1 | Received a gift from Okawaru
 43869 | Vaults:1 | Reached XP level 19. HP: 183/183 MP: 26/26
 43947 | Vaults:1 | Reached skill level 10 in Evocations
 44334 | Vaults:2 | Identified the cursed +0 shield of Twilight {rC+}
 44334 | Vaults:2 | Noticed Donald
 44347 | Vaults:2 | Killed Donald
 44403 | Vaults:2 | Noticed Mara
 44519 | Vaults:2 | Noticed Amplified's illusion
 44757 | Vaults:2 | Identified a scroll of acquirement
 44838 | Vaults:2 | Received a gift from Okawaru
 44844 | Vaults:2 | Got a scorched crystal plate armour {god gift}
 44845 | Vaults:2 | Identified the +1 crystal plate armour of Omission {rF+ rC+
                  | Dex+5} (Okawaru gifted it to you on level 2 of the Vaults)
 45072 | Vaults:2 | Reached skill level 5 in Conjurations
 45462 | Vaults:2 | Noticed Amplified's illusion
 45882 | Vaults:2 | Noticed a bone dragon
 45913 | Vaults:2 | Killed a bone dragon
 45937 | Vaults:2 | Found a staircase to the Crypt.
 46422 | Vaults:3 | Found Ynteor's Antique Weapon Boutique.
 46425 | Vaults:3 | Found Wuvaigg's Jewellery Shop.
 46487 | Vaults:3 | Reached skill level 10 in Conjurations
 46732 | Vaults:3 | Found a portal to a secret trove of treasure.
 46945 | Vaults:3 | Found Ablecwim's Antique Weapon Emporium.
 47255 | Vaults:3 | Received a gift from Okawaru
 47369 | Vaults:3 | Found Xubroom's Book Shop.
 47456 | Vaults:3 | Received a gift from Okawaru
 47878 | Vaults:3 | Reached XP level 20. HP: 193/193 MP: 27/27
 48868 | Vaults:4 | Received a gift from Okawaru
 49077 | Vaults:4 | Reached skill level 15 in Dodging
 49195 | Vaults:4 | Received a gift from Okawaru
 50201 | Orc:2    | Bought the +1 scale mail "Ocuareth" {+Fly rN++ Str+2 Dex-2}
                  | for 400 gold pieces
 50437 | Crypt:1  | Entered Level 1 of the Crypt
 50728 | Crypt:3  | Entered Level 3 of the Crypt
 50955 | Crypt:3  | Noticed Bai Suzhen
 50979 | Crypt:3  | Killed Bai Suzhen
 51130 | Crypt:3  | Received a gift from Okawaru
 51155 | Crypt:3  | Reached XP level 21. HP: 109/202 MP: 28/28
 51579 | Crypt:3  | Found an ancient bone altar of Kikubaaqudgha.
 51680 | Crypt:3  | Received a gift from Okawaru
 52341 | Crypt:3  | Found a staircase to the Tomb.
 52966 | Crypt:3  | Noticed a profane servitor
 52978 | Crypt:3  | Killed a profane servitor
 53052 | Crypt:3  | Received a gift from Okawaru
 53556 | Crypt:2  | Got an ancient bronze ring
 53559 | Crypt:2  | Identified the ring "Enanamm" {Fire Str+5 Int+2 Stlth+}
                  | (You found it on level 2 of the Crypt)
 53561 | Crypt:2  | Found a basalt altar of Yredelemnul.
 53615 | Crypt:2  | Paralysed by a vampire knight for 5 turns
 55432 | Vaults:2 | Found Viett's Antique Weapon Boutique.
 55619 | Vaults:2 | Killed Mara
 55619 | Vaults:2 | Reached XP level 22. HP: 189/213 MP: 21/29
 55820 | Depths:1 | Entered Level 1 of the Depths
 55833 | Depths:1 | Received a gift from Okawaru
 55843 | Depths:1 | Found a runed translucent gate.
 55843 | Depths:1 | Found a runed translucent gate.
 55844 | Depths:1 | Found a runed translucent gate.
 55848 | Depths:1 | Noticed a caustic shrike
 55848 | Depths:1 | Noticed Xouresk's ghost (veteran BaIE)
 55881 | Depths:1 | Killed a caustic shrike
 57535 | Elf:3    | Identified the ring of Ysamuppu {rElec Int-2 Dex+4 Slay+3
                  | SInv}
 57535 | Elf:3    | Identified the amulet "Dilly" {Gourm *Slow rF++ Slay+6}
 57601 | Elf:3    | Identified the ring "Amoasch" {*Tele +Blink +Fly rElec
                  | Dex-4}
 57747 | Elf:3    | Received a gift from Okawaru
 58071 | Elf:3    | Identified the +12 mace "Woaz" {flame, rF- Dex+7 SInv}
 58071 | Elf:3    | Identified the ring "Unesusm" {+Fly rElec rPois MR+ Int-2}
 58202 | Elf:3    | Identified the ring of Buomerah {MP+9 Str+6 Int+4 Dex+2}
 58868 | Depths:1 | Killed Xouresk's ghost
 58883 | Depths:1 | Got a twitching lapis lazuli ring
 58884 | Depths:1 | Identified the ring "Yniurrix" {Str+3 Int+5 SInv} (You
                  | found it on level 1 of the Depths)
 58932 | Depths:1 | Found a gateway to Hell.
 59190 | Depths:1 | Found Bat Gof's Mayhem Merchandise.
 59440 | Depths:1 | Received a gift from Okawaru
 59591 | Depths:1 | Paralysed by a floating eye for 3 turns
 59904 | Depths:2 | Noticed Sojobo
 59936 | Depths:1 | Killed Sojobo
 59936 | Depths:1 | Reached XP level 23. HP: 198/224 MP: 27/30
 59957 | Depths:2 | Paralysed by a floating eye for 2 turns
 60005 | Depths:2 | Paralysed by a floating eye for 4 turns
 60417 | Depths:2 | Paralysed by a floating eye for 3 turns
 61249 | Depths:2 | Found a glowing golden altar of the Shining One.
 61775 | Depths:2 | Found a gateway to a ziggurat.
 61918 | Depths:2 | Received a gift from Okawaru
 62075 | Depths:2 | Identified the +6 crystal plate armour of Tulips {+Fly rF+
                  | rN+} (Okawaru gifted it to you on level 2 of the Depths)
 62750 | Depths:3 | Found a one-way gate leading to the halls of Pandemonium.
 63066 | Depths:3 | Found the +6 Majin-Bo {vamp, Archmagi MP+6 Int+6}
 63075 | Depths:3 | Identified the Almanac of Boosts and the Snowflakes
 63604 | Depths:4 | Found Weduvol's Gadget Shoppe.
 63605 | Depths:4 | Found Fyffaraz's Jewellery Shop.
 63605 | Depths:4 | Found Qatt's Jewellery Shop.
 63811 | Depths:4 | Identified the +2 pair of boots "Nokarum" {Str+3} (You
                  | found it on level 4 of the Depths)
 63949 | Depths:4 | Found a one-way gate to the infinite horrors of the Abyss.
 64189 | Depths:5 | Entered Level 5 of the Depths
 64503 | Depths:5 | Noticed a caustic shrike
 64504 | Depths:5 | Noticed a caustic shrike
 64507 | Depths:5 | Noticed a caustic shrike
 64516 | Depths:5 | Killed a caustic shrike
 64521 | Depths:5 | Killed a caustic shrike
 64525 | Depths:5 | Killed a caustic shrike
 64525 | Depths:5 | Received a gift from Okawaru
 64571 | Depths:5 | Noticed a juggernaut
 64582 | Depths:5 | Killed a juggernaut
 64582 | Depths:5 | Reached XP level 24. HP: 170/234 MP: 30/30
 64985 | Depths:5 | Noticed Frederick
 64992 | Depths:5 | Killed Frederick
 65202 | Depths:5 | Found a gate to the Realm of Zot.
 65693 | Vaults:5 | Entered Level 5 of the Vaults
 65705 | Vaults:5 | Noticed Jory
 65706 | Vaults:5 | Noticed an ancient lich
 65732 | Vaults:5 | Killed Jory
 65736 | Vaults:5 | Killed an ancient lich
 65739 | Vaults:5 | Reached skill level 27 in Armour
 65789 | Vaults:5 | Received a gift from Okawaru
 65809 | Vaults:5 | Found Vacatt's Book Emporium.
 65952 | Vaults:5 | Noticed Saint Roka
 65964 | Vaults:5 | Killed Saint Roka
 66146 | Vaults:5 | Found the +2 Maxwell's thermic engine {flame, freeze}
 66165 | Vaults:5 | Gained mutation: Your spells are a little easier to cast,
                  | but a little less powerful. [a shining eye]
 66232 | Vaults:5 | Identified the +7 mace "Jinunuvu" {crush, Str+6}
 66408 | Vaults:5 | Reached XP level 25. HP: 231/245 MP: 24/30
 66497 | Vaults:5 | Identified the +0 rapier of Purpose {pierce, Int+3 SInv}
 66497 | Vaults:5 | Identified the cursed +1 scale mail of Bitrashri {Str+2
                  | Int+4 SInv}
 66590 | Vaults:5 | Received a gift from Okawaru
 67168 | Vaults:5 | Got a silver rune of Zot
 67352 | Vaults:5 | Identified the Tome of Icy Enhancements
 67555 | Vaults:5 | Received a gift from Okawaru
 68137 | Spider:2 | Killed kalodont's ghost
 68266 | Slime:1  | Entered Level 1 of the Pits of Slime
 68816 | Slime:1  | Gained mutation: Your magical capacity is low. (-10% MP) [a
                  | shining eye]
 69569 | Slime:4  | Received a gift from Okawaru
 69946 | Slime:4  | Gained mutation: Armour fits poorly on your strangely
                  | shaped body. [a shining eye]
 69947 | Slime:4  | Gained mutation: You are frail. (-10% HP) [a shining eye]
 69970 | Slime:5  | Entered Level 5 of the Pits of Slime
 70078 | Slime:5  | Gained mutation: You occasionally shout uncontrollably at
                  | your foes. [a shining eye]
 70081 | Slime:5  | Gained mutation: You sometimes yell uncontrollably at your
                  | foes. [a shining eye]
 70083 | Slime:5  | Gained mutation: You tend to lose your temper in combat. [a
                  | shining eye]
 70085 | Slime:5  | Gained mutation: Potions are less effective at restoring
                  | your health. [a shining eye]
 70090 | Slime:5  | Noticed the Royal Jelly
 70296 | Slime:3  | Lost mutation: You tend to lose your temper in combat.
                  | [potion of mutation]
 70296 | Slime:3  | Lost mutation: Potions are less effective at restoring your
                  | health. [potion of mutation]
 70296 | Slime:3  | Lost mutation: Armour fits poorly on your strangely shaped
                  | body. [potion of mutation]
 70296 | Slime:3  | Lost mutation: You are frail. (-10% HP) [potion of
                  | mutation]
 70296 | Slime:3  | Gained mutation: You do not regenerate when monsters are
                  | visible. [potion of mutation]
 70296 | Slime:3  | Gained mutation: You are robust. (+10% HP) [potion of
                  | mutation]
 70297 | Slime:3  | Lost mutation: Your magical capacity is low. (-10% MP)
                  | [potion of mutation]
 70297 | Slime:3  | Lost mutation: Your spells are a little easier to cast, but
                  | a little less powerful. [potion of mutation]
 70297 | Slime:3  | Lost mutation: You sometimes yell uncontrollably at your
                  | foes. [potion of mutation]
 70297 | Slime:3  | Lost mutation: You are robust. (+10% HP) [potion of
                  | mutation]
 70297 | Slime:3  | Gained mutation: You are frail. (-10% HP) [potion of
                  | mutation]
 70297 | Slime:3  | Gained mutation: Your mind is acute. (Int +2) [potion of
                  | mutation]
 70298 | Slime:3  | Lost mutation: Your mind is acute. (Int +2) [potion of
                  | mutation]
 70298 | Slime:3  | Gained mutation: Your system is resistant to poisons.
                  | (rPois) [potion of mutation]
 70298 | Slime:3  | Lost mutation: You are frail. (-10% HP) [potion of
                  | mutation]
 70298 | Slime:3  | Gained mutation: You are resistant to hostile enchantments.
                  | (MR+) [potion of mutation]
 70299 | Slime:3  | Lost mutation: You occasionally shout uncontrollably at
                  | your foes. [potion of mutation]
 70299 | Slime:3  | Lost mutation: You are resistant to hostile enchantments.
                  | (MR+) [potion of mutation]
 70299 | Slime:3  | Lost mutation: You do not regenerate when monsters are
                  | visible. [potion of mutation]
 70299 | Slime:3  | Gained mutation: You are weak. (Str -2) [potion of
                  | mutation]
 70299 | Slime:3  | Lost mutation: You are weak. (Str -2) [potion of mutation]
 70299 | Slime:3  | Gained mutation: You have an increased reservoir of magic.
                  | (+10% MP) [potion of mutation]
 70335 | Slime:3  | Reached XP level 26. HP: 183/264 MP: 32/34
 70644 | Slime:5  | Lost mutation: Your system is resistant to poisons. (rPois)
                  | [a shining eye]
 70674 | Slime:5  | Reached skill level 27 in Fighting
 70751 | Slime:5  | Gained mutation: You are frail. (-10% HP) [a shining eye]
 71311 | Slime:5  | Found a viscous altar of Jiyva.
 71313 | Slime:5  | Found the +7 great mace "Undeadhunter" {disrupt, rN+}
 71848 | Slime:5  | Killed the Royal Jelly
 72299 | Slime:5  | Identified the Incunabulum of the Assorted Tales
 72312 | Slime:5  | Got a slimy rune of Zot
 72345 | Slime:5  | Identified the Tome of the Badger
 72369 | Slime:5  | Identified Doeripp's Tome of Cold and Summoning
 72476 | Slime:5  | Identified the +5 ring mail of the Tundras {rN+ Str-2
                  | Int+2} (You found it on level 5 of the Pits of Slime)
 73227 | Depths:4 | Found a hide-covered altar of Uskayaw.
 73302 | Depths:4 | Found the +0 mask of the Dragon {MR+ Slay+3 SInv}
 73511 | Depths:4 | Voluntarily entered the Abyss.
 73779 | Abyss:2  | Gained mutation: You are dopey. (Int -2) [a cacodemon]
 74090 | Abyss:2  | Received a gift from Okawaru
 74099 | Abyss:2  | Identified the +4 hat "Mulill" {Str+6} (Okawaru gifted it
                  | to you on level 2 of the Abyss)
 74110 | Abyss:2  | Paralysed by accursed screaming for 1 turns
 74274 | Abyss:3  | Found a corrupted altar of Lugonu.
 74339 | Abyss:4  | Found a corrupted altar of Lugonu.
 74411 | Abyss:4  | Found a corrupted altar of Lugonu.
 74475 | Abyss:4  | Got an abyssal rune of Zot
 74563 | Abyss:5  | Entered Level 5 of the Abyss
 74581 | Abyss:5  | Found an ancient bone altar of Kikubaaqudgha.
 74607 | Abyss:5  | Found a burning altar of Makhleb.
 74730 | Depths:4 | Escaped the Abyss
 75232 | Orc:2    | Bought a potion of mutation for 112 gold pieces
 75232 | Orc:2    | Bought a potion of mutation for 112 gold pieces
 75232 | Orc:2    | Bought a potion of mutation for 112 gold pieces
 75232 | Orc:2    | Bought a potion of mutation for 112 gold pieces
 75232 | Orc:2    | Bought 2 potions of flight for 84 gold pieces
 75545 | Zot:1    | Entered Level 1 of the Realm of Zot
 75642 | Zig:1    | Entered Level 1 of a ziggurat
 75661 | Zig:2    | Entered Level 2 of a ziggurat
 75693 | Zig:3    | Entered Level 3 of a ziggurat
 75739 | Zig:4    | Entered Level 4 of a ziggurat
 75796 | Zig:5    | Entered Level 5 of a ziggurat
 75858 | Zig:6    | Entered Level 6 of a ziggurat
 75863 | Zig:6    | Noticed a juggernaut
 75876 | Zig:6    | Killed a juggernaut
 75901 | Zig:6    | Identified the Almanac of Damaging Stones
 76290 | Vaults:3 | You paid a toll of 7 potions of haste to enter a treasure
                  | trove
 76291 | Trove    | Entered a treasure trove
 76295 | Trove    | Found the +0 pair of fencer's gloves {Riposte Dex+3}
 76302 | Trove    | Got a pair of ichor-stained gloves
 76305 | Trove    | Got a pair of slimy gloves
 76309 | Trove    | Got a spiked shield
 76312 | Trove    | Got brightly glowing shadow dragon scales
 76317 | Trove    | Got a shimmering scale mail
 76320 | Trove    | Got a transparent leather armour
 76322 | Trove    | Got an opalescent robe
 76327 | Trove    | Got a bronze plate armour
 76346 | Vaults:3 | Identified the +3 pair of gloves "Xiddes" {Dex+3} (You
                  | found it in a treasure trove)
 76347 | Vaults:3 | Identified the +1 pair of gloves of the Unbroken {+Blink
                  | Str-5 Dex+2 SInv} (You found it in a treasure trove)
 76348 | Vaults:3 | Identified the +1 shield of Wonder {-Cast rN+ Str+9 Dex+3}
                  | (You found it in a treasure trove)
 76349 | Vaults:3 | Identified the cursed +1 shadow dragon scales of a volcano
                  | {+Fly rElec MR- SInv Stlth++++} (You found it in a treasure
                  | trove)
 76352 | Vaults:3 | Identified the +6 scale mail of Bohuner {rPois rC+ Dex+4}
                  | (You found it in a treasure trove)
 76353 | Vaults:3 | Identified the +2 leather armour of Negation {Regen+} (You
                  | found it in a treasure trove)
 76354 | Vaults:3 | Identified the +1 robe of Indomitability {rElec rC+ Str+2
                  | Stlth+} (You found it in a treasure trove)
 76355 | Vaults:3 | Identified the +13 plate armour of Supple Strength {rC+
                  | Regen+ Dex+7} (You found it in a treasure trove)
 76611 | Orc:1    | Bought a runed cloak for 247 gold pieces
 77212 | Vaults:3 | Lost mutation: You are frail. (-10% HP) [potion of
                  | mutation]
 77212 | Vaults:3 | Lost mutation: You have an increased reservoir of magic.
                  | (+10% MP) [potion of mutation]
 77212 | Vaults:3 | Lost mutation: You are dopey. (Int -2) [potion of mutation]
 77212 | Vaults:3 | Gained mutation: Your body sometimes deteriorates upon
                  | taking damage. [potion of mutation]
 77212 | Vaults:3 | Gained mutation: You are weak. (Str -2) [potion of
                  | mutation]
 77212 | Vaults:3 | Gained mutation: You are somewhat resistant to further
                  | mutation. [potion of mutation]
 77212 | Vaults:3 | Gained mutation: You have large cloven feet. [potion of
                  | mutation]
 77978 | Zot:3    | Reached XP level 27. HP: 254/273 MP: 30/30
 78275 | Zot:3    | Received a gift from Okawaru
 79179 | Zot:4    | Received a gift from Okawaru
 79704 | Zot:4    | Noticed an orb of fire
 79717 | Zot:4    | Killed an orb of fire
 79763 | Zot:4    | Received a gift from Okawaru
 80314 | Zot:5    | Entered Level 5 of the Realm of Zot
 80550 | Zot:5    | Reached skill level 27 in Dodging
 80588 | Zot:5    | Received a gift from Okawaru
 80591 | Zot:5    | Identified the +5 ring mail of a wizard's laboratory
                  | {*Corrode rPois rN++ Str+4} (Okawaru gifted it to you on
                  | level 5 of the Realm of Zot)
 80693 | Zot:5    | Noticed an ancient lich
 80703 | Zot:5    | Killed an ancient lich
 81071 | Zot:5    | Noticed an ancient lich
 81099 | Zot:5    | Killed an ancient lich
 81099 | Zot:5    | Noticed an orb of fire
 81110 | Zot:5    | Killed an orb of fire
 81115 | Zot:5    | Noticed an orb of fire
 81129 | Zot:5    | Killed an orb of fire
 81132 | Zot:5    | Noticed an orb of fire
 81145 | Zot:5    | Killed an orb of fire
 81153 | Zot:5    | Noticed an ancient lich
 81159 | Zot:5    | Killed an ancient lich
 81160 | Zot:5    | Noticed an ancient lich
 81161 | Zot:5    | Killed an ancient lich
 81161 | Zot:5    | Received a gift from Okawaru
 81161 | Zot:5    | Noticed an ancient lich
 81163 | Zot:5    | Killed an ancient lich
 81177 | Zot:5    | Noticed an ancient lich
 81179 | Zot:5    | Killed an ancient lich
 81193 | Zot:5    | Noticed an ancient lich
 81200 | Zot:5    | Killed an ancient lich
 81342 | Zot:5    | Got a twisted flail {god gift}
 81458 | Zot:5    | Received a gift from Okawaru
 81799 | Zot:5    | Got the Orb of Zot
 82006 | Depths:5 | Noticed a seraph
 82101 | Depths:1 | Noticed Tymye the pandemonium lord
 82119 | Depths:1 | Killed Tymye the pandemonium lord
 82119 | Depths:1 | Received a gift from Okawaru
 82122 | Depths:1 | Identified the +0 hat of the Present {Dex+5} (Okawaru
                  | gifted it to you on level 1 of the Depths)
 82434 | D:$      | Escaped with the Orb!

Levels and vault maps discovered:
D:1:      dpeg_arrival_lava_temple_mockup, layout_loops_ring, minmay_circled_x
D:2:      kb_forest_paths, layout_basic, lightli_temple_of_fire,
          marbit_many_paths, nicolae_overflow_crystal_walls, first_ration,
          lemuel_flame_loot_1, uniq_crazy_yiuf_cottage
D:3:      layout_loops_corners, kennysheep_slug_shrine,
          chequers_hall_statues_wall_a, grunt_decor_mini_mirrors,
          grunt_decor_cap, uniq_terence, uniq_jessica
D:4:      layout_loops_corners, gammafunk_temple_overflow_statue,
          temple_statues, gammafunk_ghost_smash
D:5:      kennysheep_slugbush, layout_rooms, lemuel_crystal_altar, tgw_sif,
          old_standard_altar, lemuel_zombie_altar_yredelemnul, basic_altar,
          kennysheep_generic_room_15
D:6:      layout_basic, gup_sewer_entry_glass, serial_shops, shop, st_stairs_5
D:7:      layout_rooms
D:8:      layout_basic, due_lair_maze_entry_diamond
D:9:      layout_gridville, minmay_three_doors
D:10:     layout_loops_ring
D:11:     kennysheep_blocky_hall, layout_basic, serial_curves, eino_curves_01,
          eino_curves_01
D:12:     layout_loops_ring, david_orc_4, basic_altar
D:13:     layout_cave_pools
D:14:     layout_cave_pools, erik_vaults_1, serial_park_avenue1
D:15:     grunt_enter_depths_hoard, layout_long_grid, serial_undead,
          serial_undead_c, serial_undead_b, serial_undead_a, serial_undead_a,
          serial_shops, bzr_in_the_mist
Temple:   hc_temple_tempest_star
Lair:1:   layout_cave_pods, serial_bayou_shore_a, uniq_gastronok
Lair:2:   layout_loops_ring, minmay_swamp_entry_eels, minmay_lair_oklob_items,
          disabler_island, uniq_harold
Lair:3:   layout_regular_city, spider_nest_entry_rubble, lemuel_fruit_tree
Lair:4:   wander_river, layout_regular_city, serial_bayou_pond_c, uniq_nergalle
Lair:5:   layout_misc_corridors, nicolae_slime_entry_slimehenge
Lair:6:   gammafunk_lair_ancient_temple, layout_cave_pods, st_stairs_10
Swamp:1:  layout_basic_swamp, evilmike_swamp_ruin_house_2
Swamp:2:  layout_falls_marsh, evilmike_swamp_ruin_house_3
Swamp:3:  gammafunk_its_a_trap, layout_basic_swamp, nicolae_swamp_godswood,
          swamp_pool5
Swamp:4:  swamp_icy, layout_basic_swamp, portal_ice_cave_entry_pillars_1
Spider:1: layout_spider_delve
Spider:2: layout_spider_delve, ebering_ghost_reflecting_pool, uniq_kirke
Spider:3: layout_chambers, drop_trap
Spider:4: spider_rune_water
Slime:1:  layout_caves
Slime:2:  layout_caves
Slime:3:  layout_caves
Slime:4:  layout_caves
Slime:5
Orc:1:    layout_caves, serial_shops, nicolae_shop_waterfront,
          nicolae_shop_stone, nicolae_shop_crystal,
          nicolae_shop_overgrown_old_shop, shop, mines3_lemuel
Orc:2:    st_orc_pillars, layout_diamond_mine, basic_altar
Elf:1:    minmay_elf_arrival_circle, layout_loops_corners, minmay_elf_sorcery,
          minivault_28, uniq_aizul, uniq_agnes
Elf:2:    layout_gridlike, serial_shops, nicolae_shop_statue_plus,
          nicolae_shop_statue_plus, shop, nicolae_shop_stone, shop,
          patterned_corridor
Elf:3:    minmay_elf_hall_x, layout_onion_city
Vaults:1: vaults_mumra_chevron_long, hangedman_vaults_pinch, v_misc_4,
          ontoclasm_vaults_twist, v_misc_15, v_alt_pattern_4,
          hangedman_vaults_slither, v_misc_9, nicolae_vaults_triangles,
          ontoclasm_vaults_loading_screen, nicolae_vaults_shelves_hall,
          nicolae_vaults_little_squares_5, nicolae_vaults_alarming,
          grunt_vaults_hallway_short, layout_vaults_omnibox
Vaults:2: nicolae_vaults_rhombus_5, grunt_vaults_bifocal,
          nicolae_vaults_stairing_the_circle, vaults_dpeg_hooks,
          nicolae_vaults_hallways_thing, minmay_crypt_entry_nasty_monster,
          nicolae_vaults_three_branches, vaults_room_large_hall,
          vaults_dpeg_diagonal, v_rooms_2, hangedman_vaults_maws,
          special_room_vaults [special_room_orc],
          nicolae_vaults_little_squares_5, ontoclasm_vaults_loading_screen,
          layout_vaults_omnigrid, serial_shops, shop, uniq_mara, uniq_donald
Vaults:3: hangedman_vaults_trim, st_quartered_hall, ontoclasm_vaults_misaligned,
          ontoclasm_vaults_bender, ontoclasm_vaults_gateway, vaults_mumra_lcd,
          v_misc_10, v_pattern_3, nicolae_vaults_network_square,
          v_alt_pattern_1, ontoclasm_vaults_hangar, ontoclasm_vaults_pinch,
          v_misc_27, nicolae_vaults_little_squares_3, layout_vaults_omnicross,
          enter_trove_3, serial_shops, nicolae_shop_crystal, shop, shop_statue,
          nicolae_shop_overgrown_old_shop
Vaults:4: vaults_room_octagon, vaults_mumra_hex, vaults_room_fancy_cross,
          v_misc_31, v_misc_4, dpeg_vaults_monster_box, vaults_dpeg_doors,
          nicolae_vaults_what_the_h, v_misc_18, nicolae_vaults_circle_grid_a,
          vaults_room_pools, nicolae_vaults_circle_grid_b, vaults_dpeg_ring,
          layout_vaults_maze_bifur
Vaults:5: serial_shops, uniq_jory, uniq_saint_roka
Crypt:1:  layout_rooms, serial_sigils_hangedman_stare
Crypt:2:  layout_gridlike, basic_altar
Crypt:3:  grunt_crypt_end_deaths_head, uniq_bai_suzhen
Depths:1: layout_roguey, gammafunk_ghost_split, dk_noncrumbling_2, hell_entry,
          minmay_shop_mayhem, onia_ninara_cookie, grunt_megastairs_3,
          firewood_loft
Depths:2: hangedman_cross_stitches, layout_basic, enter_ziggurat_f,
          tso_metal_star, grunt_hell_entry_dis_grunt, uniq_sojobo
Depths:3: minmay_guarded_unrand_majin_bo, layout_cave_shapes, hell_entry,
          minmay_misc_feat_chi, rand_demon_pan_entry_8,
          corexii_leaking_fountain, infiniplex_staircase_pool_2
Depths:4: regret_index_uskayaw_diablada_macabre, layout_gridlike, hell_entry,
          marbit_kobold_abyss_entry, minmay_shop_grove
Depths:5: evilmike_zot_entry_diamond, layout_gridville, roderic_serpentine_path,
          hell_entry, small_chamber_with_monster, serial_bayou_shore_b,
          serial_bayou_shore_b, uniq_frederick
Zot:1:    layout_basic
Zot:2:    grunt_twist_and_shout, layout_onion
Zot:3:    layout_basic
Zot:4:    lemuel_draconian_sentries_small, layout_cathedral_of_symmetry,
          hangedman_elemental_grid_stream
Zot:5:    layout_misc_corridors

Skill      XL: |  1  2  3  4  5  6  7  8  9 10 11 12 13 14 15 16 17 18 19 20 21 22 23 24 25 26 27 |
---------------+----------------------------------------------------------------------------------+-----
Armour         | 1 2 3 4 5 9 10 11 12 14 15 16 18 21 22 25 27 | 27.0
Fighting       | 1 2 3 4 6 7 9 10 12 14 15 16 17 18 19 20 21 22 23 26 27 | 27.0
Maces & Flails | 1 2 3 4 5 6 8 10 12 14 16 | 16.0
Dodging        | 3 4 5 8 9 11 12 14 15 16 18 19 20 24 27 | 27.0
Shields        | 5 8 10 12 15 22 | 22.3
Invocations    | 2 7 9 10 11 | 11.8
Evocations     | 2 5 8 9 10 | 10.2
Conjurations   | 10 | 10.9
Stealth        | |  1.5
Spellcasting   | |  1.3

Action                   |  1- 3 |  4- 6 |  7- 9 | 10-12 | 13-15 | 16-18 | 19-21 | 22-24 | 25-27 || total
-------------------------+-------+-------+-------+-------+-------+-------+-------+-------+-------++-------
Melee: Unarmed           |     8 |       |       |       |       |       |       |       |       ||     8
       Whip              |   149 |   152 |   241 |       |       |       |       |       |       ||   542
       Club              |     5 |       |       |       |       |       |       |       |       ||     5
       Headbutt          |    17 |    32 |    81 |   206 |   471 |   456 |   543 |   426 |   633 ||  2865
       Flail             |       |       |   235 |  1053 |  1495 |       |       |       |       ||  2783
       Eveningstar       |       |       |       |       |   565 |  1891 |  2216 |  1657 |  1811 ||  8140
Throw: Stone             |     2 |       |       |       |       |       |       |       |       ||     2
       Dart              |       |       |    18 |     1 |       |       |       |       |     1 ||    20
       Throwing net      |       |       |       |       |     4 |     3 |     2 |     1 |     1 ||    11
 Cast: Spectral Weapon   |       |       |       |       |       |       |       |     2 |       ||     2
Invok: Heroism           |       |       |     8 |    39 |    47 |    37 |    41 |    33 |    28 ||   233
       Finesse           |       |       |       |       |     3 |    10 |     9 |     8 |     9 ||    39
 Abil: Evoke Berserk Rag |       |       |       |     3 |     3 |     2 |       |       |       ||     8
Evoke: Wand              |       |       |     6 |    19 |    41 |    12 |    11 |    17 |    20 ||   126
       Phantom mirror    |       |       |       |       |       |       |     1 |       |       ||     1
       Lamp of fire      |       |       |       |       |       |       |       |       |     5 ||     5
  Use: Scroll            |     9 |     4 |     8 |    15 |    25 |    28 |    14 |    15 |    39 ||   157
       Potion            |     5 |     1 |     5 |     9 |    12 |    11 |     8 |    13 |    14 ||    78
 Stab: Invisible         |       |       |       |     2 |     5 |     5 |     2 |     1 |       ||    15
       Distracted        |       |       |       |     1 |       |     2 |       |     1 |       ||     4
       Petrified         |       |       |       |       |     1 |       |       |       |     8 ||     9
       Held in net/web   |       |       |       |       |       |     1 |       |       |     1 ||     2
       Confused          |       |       |       |       |       |     3 |       |       |       ||     3
       Petrifying        |       |       |       |       |       |       |       |       |     3 ||     3
  Eat: Chunk             |     4 |     5 |     6 |    19 |    20 |     8 |     7 |    12 |    24 ||   105
       Ration            |       |     1 |     2 |     7 |     9 |    11 |     9 |     9 |     8 ||    56
Armor: Scale mail        |    55 |    61 |   156 |   232 |       |       |   253 |   101 |       ||   858
       Plate armour      |       |       |       |    14 |   778 |  1046 |   343 |   118 |       ||  2299
       Crystal plate arm |       |       |       |       |       |       |       |   319 |   662 ||   981
Dodge: Dodged            |    66 |    73 |   172 |   272 |   461 |   654 |   733 |   525 |   754 ||  3710
Block: Shield            |       |       |   158 |   476 |  1129 |  1615 |  1782 |  1139 |  1299 ||  7598
       Rpst.: Eveningstar |       |       |       |       |       |       |       |       |    48 ||    48
